 Dungeon Crawl Stone Soup version 0.30-a0-986-g7f2e898f52 (webtiles) character file.

Game seed: 4217863586880732875

18877 pokeman the Eclecticist (level 12, -8/68 HPs)
             Began as a Deep Elf Hedge Wizard on Apr 1, 2023.
             Was an Elder of Vehumet.
             Shot with an arrow by a centaur warrior (18 damage)
             ... on level 13 of the Dungeon.
             The game lasted 00:34:19 (16059 turns).

pokeman the Eclecticist (Deep Elf Hedge Wizard)    Turns: 16059, Time: 00:34:20

Health: -8/68      AC: 10    Str:  7    XL:     12   Next: 31%
Magic:  2/35       EV: 13    Int: 31    God:    Vehumet [****..]
Gold:   1084       SH:  5    Dex: 14    Spells: 3/45 levels left

rFire   . . .      SeeInvis .    M - +8 great sword "Duonwamn" {freeze, Int+6}
rCold   . . .      Faith    .    (shield currently unavailable)
rNeg    + . .      Spirit   .    E - +0 steam dragon scales
rPois   .          Reflect  +    G - +2 hat
rElec   .          Rampage  .    i - +0 cloak
rCorr   .                        y - +0 pair of gloves
Will    ++...                    (no boots)
Stlth   ++                       C - amulet of reflection
HPRegen 0.31/turn                x - ring of positive energy
MPRegen 0.24/turn                S - ring of willpower

@: no status effects
A: no striking features
a: Renounce Religion


You were on level 13 of the Dungeon.
You worshipped Vehumet.
Vehumet was greatly pleased with you.
You visited 2 branches of the dungeon, and saw 14 of its levels.
You also visited: Bailey.

You collected 1084 gold pieces.

Inventory:

Hand Weapons
 c - a +2 dagger of draining
 M - the +8 great sword "Duonwamn" (weapon) {freeze, Int+6}
   (You found it on level 10 of the Dungeon)

   Int:       It affects your intelligence (+6).
Missiles
 N - a curare-tipped dart
Armour
 b - a +1 ring mail of willpower
 i - a +0 cloak (worn)
 y - a +0 pair of gloves (worn)
 E - +0 steam dragon scales (worn)
 G - a +2 hat (worn)
 J - +0 acid dragon scales
Magical Staves
 T - a staff of poison
Jewellery
 x - a ring of positive energy (left hand)
 C - an amulet of reflection (around neck)
 O - an amulet of regeneration
 R - a +6 ring of dexterity
 S - a ring of willpower (right hand)
Wands
 p - a wand of roots (12)
 q - a wand of polymorph (6)
 D - a wand of charming (18)
Scrolls
 f - 3 scrolls of fear {unknown}
 g - 5 scrolls of blinking {unknown}
 j - a scroll of brand weapon {unknown}
 n - 3 scrolls of noise {unknown}
 r - 5 scrolls of identify {unknown}
 s - 4 scrolls of teleportation {unknown}
 u - a scroll of enchant armour {unknown}
 v - 4 scrolls of torment {unknown}
 z - a scroll of vulnerability {unknown}
 A - 2 scrolls of immolation {unknown}
 B - 4 scrolls of enchant weapon
 K - a scroll of amnesia {unknown}
Potions
 a - 2 potions of mutation {unknown}
 d - a potion of magic
 e - 2 potions of heal wounds {unknown}
 h - a potion of degeneration {unknown}
 k - 5 potions of curing {unknown}
 l - 6 potions of attraction {unknown}
 m - 4 potions of brilliance {unknown}
 o - 4 potions of lignification {unknown}
 t - 2 potions of resistance {unknown}
 w - 3 potions of flight {unknown}
 H - a potion of haste {unknown}
 I - a potion of berserk rage {unknown}
 Q - a potion of invisibility {unknown}
 U - a potion of cancellation {unknown}
Miscellaneous
 F - a phantom mirror
 L - a condenser vane
 P - a phial of floods


   Skills:
 + Level 5.5 Fighting
 - Level 5.0 Armour
 - Level 3.0 Dodging
 - Level 3.0 Stealth
 * Level 17.0 Spellcasting
 + Level 10.1 Conjurations
 - Level 8.2 Summonings
 - Level 1.1 Translocations
 + Level 4.6 Fire Magic
 - Level 1.0 Ice Magic
 - Level 1.0 Air Magic
 - Level 1.0 Earth Magic
 - Level 1.0 Poison Magic
 - Level 1.0 Evocations


You had 3 spell levels left.
You knew the following spells:

 Your Spells              Type           Power      Damage    Failure   Level
a - Magic Dart            Conj           100%       1d8       1%          1
b - Mephitic Cloud        Conj/Pois/Air  51%        N/A       1%          3
c - Call Imp              Summ           67%        N/A       1%          2
d - Blink                 Tloc           66%        N/A       1%          2
e - Stone Arrow           Conj/Erth      100%       3d13      1%          3
f - Fireball              Conj/Fire      32%        3d14      1%          5
g - Freezing Cloud        Conj/Ice/Air   25%        6-21      2%          5
h - Iron Shot             Conj/Erth      28%        9d6       7%          6
i - Orb of Destruction    Conj           37%        9d11      5%          7
j - Ignition              Fire           26%        3d9       97%         8

Your spell library contained the following spells:

 Spells                   Type           Power      Damage    Failure   Level
 Iskenderun's Mystic Bla  Conj/Tloc      57%        2d12      1%          4
 Slow                     Hex            100%       N/A       1%          1
 Cigotuvi's Dreadful Rot  Necr/Pois/Air  60%        N/A       1%          2
 Ignite Poison            Fire/Tmut/Pois 38%        N/A       1%          3
 Kindle Blastsparks       Fire/Tloc/Air  80%        2d16      1%          3
 Sticky Flame             Conj/Fire      64%        2d8       1%          4
 Iskenderun's Battlesphe  Conj           74%        2d12      1%          5
 Conjure Ball Lightning   Conj/Air       28%        3x3d8     7%          6
 Chain Lightning          Conj/Air       28%        3d38      100%        9


Dungeon Overview and Level Annotations

Branches:
Dungeon (13/15)            Temple (1/1) D:6            Lair (0/5) D:8
    Orc (0/2) D:12         Bailey (visited)
 Vaults: D:13-14

Altars:
Cheibriados
Dithmenos
Elyvilon
Fedhas
Gozag
Hepliaklqana
Makhleb
Nemelex Xobeh
Qazlal
Ru
Sif Muna
Uskayaw
Vehumet
Zin
The Shining One


Message History

The stone arrow hits the green ugly thing!
The green ugly thing is almost dead.
You block the green ugly thing's attack.
Unknown command.
Casting: Stone Arrow (safe; 1% risk of failure)
Confirm with . or Enter, or press ? or * to list all spells.
Aiming: Stone Arrow (safe; 1% risk of failure)
Press: ? - help, Shift-Dir - straight line, f/p - green ugly thing
Aim: a green ugly thing (almost dead, 78% to hit)
The stone arrow hits the green ugly thing!!
You kill the green ugly thing!
Vehumet accepts your kill.
You feel your power returning.
The centaur warrior wields a +0 longbow.
The centaur warrior shoots an arrow.
The arrow barely misses you.
Your Spellcasting skill increases to level 17!
Casting: Stone Arrow (safe; 1% risk of failure)
Confirm with . or Enter, or press ? or * to list all spells.
A shadowy apparition takes form in the air.
Unknown command.
The centaur warrior shoots an arrow.
The arrow hits you!
You swap places.
The centaur warrior shoots an arrow.
The arrow hits your shadow imp!!
Your shadow imp dies!
Your shadow imp disappears in a puff of smoke!
Casting: Call Imp (safe; 1% risk of failure)
Confirm with . or Enter, or press ? or * to list all spells.
Aiming: Stone Arrow (safe; 1% risk of failure)
Press: ? - help, Shift-Dir - straight line, f - centaur warrior
Aim: a centaur warrior, wielding a +0 longbow (84% to hit)
The stone arrow hits the centaur warrior!!
The centaur warrior is moderately wounded.
The centaur warrior shoots an arrow.
The arrow hits you!!
* * * LOW HITPOINT WARNING * * *
Aiming: Charm
Press: ? - help, Shift-Dir - straight line, f/p - centaur warrior
Aim: a centaur warrior, wielding a +0 longbow (moderately wounded, chance to affect: 33%)
The centaur warrior easily resists.
The centaur warrior shoots an arrow.
The arrow hits you!!
You die...

#######.......#
..###
.....##.####### ....
##.)....#######
##T#.####
##.#.####[..<.#
#........ >..#.#
#.###.### #........
####.#
#....#.##.##........
# #.#
#.#.###.#.......#
.....# #..#.#####Z.#
###### #.)...@.cT..#
#......######.#
#......# .# ######.#
.. #.# ... #.# 9..
..# ...# ###


You could see a centaur warrior, a troll and a centaur warrior zombie.

Vanquished Creatures
  Gastronok (D:8)
  A two-headed ogre (D:12)
  Nergalle (D:12)
  3 skeletal warriors
  Lodul (D:12)
  2 ugly things
  A manticore (D:11)
  Joseph (D:8)
  2 unseen horrors
  4 gargoyles
  3 komodo dragons
  A troll (D:11)
  A hornet (D:9)
  4 slime creatures (D:12)
  A wyvern (D:8)
  3 shadows
  8 yaks
  3 wraiths
  Grum (D:10)
  2 steam dragons
  3 vampire mosquitoes (D:11)
  An acid dragon (D:9)
  2 water moccasins (D:9)
  11 orc warriors (Bailey)
  6 ogres (D:12)
  3 black bears
  18 centaurs
  3 wolves (D:10)
  A phantom (D:5)
  2 kobold brigands
  A gnoll sergeant (D:9)
  3 bullfrogs
  3 scorpions
  5 wights (D:8)
  13 killer bees
  5 spriggan skeletons (D:11)
  A troll skeleton (D:11)
  6 howler monkeys
  3 orc priests
  3 hounds
  2 gnoll boudas (D:6)
  A jelly (D:5)
  A sleepcap (D:3)
  2 iguanas
  2 orc wizards (D:12)
  Robin (D:2)
  13 gnolls
  8 adders
  3 worms
  2 dart slugs
  61 orcs
  5 ball pythons
  5 bats
  5 endoplasms
  3 giant cockroaches
  17 goblins
  8 hobgoblins
  9 jackals
  7 kobolds
  6 quokkas
  8 frilled lizards
  A rat (D:2)
307 creatures vanquished.

Vanquished Creatures (collateral kills)
  3 killer bees
  A sleepcap (D:8)
  A gnoll (D:4)
  3 goblins (D:2)
8 creatures vanquished.

Vanquished Creatures (others)
  27 plants
27 creatures vanquished.

Grand Total: 342 creatures vanquished

Notes
Turn   | Place    | Note
-------+----------+-------------------------------------------
     0 | D:1      | pokeman the Deep Elf Hedge Wizard began the quest for the
                  | Orb.
     0 | D:1      | Reached XP level 1. HP: 10/10 MP: 7/7
   401 | D:1      | Reached XP level 2. HP: 16/16 MP: 6/9
  1146 | D:1      | Reached skill level 5 in Spellcasting
  1236 | D:2      | Found a blossoming altar of Fedhas.
  1384 | D:2      | Reached XP level 3. HP: 20/20 MP: 5/11
  1436 | D:2      | Learned a level 3 spell: Mephitic Cloud
  1439 | D:2      | Learned a level 2 spell: Call Imp
  1442 | D:2      | Learned a level 2 spell: Blink
  1581 | D:2      | Reached skill level 1 in Fighting
  1581 | D:2      | Reached skill level 1 in Armour
  1756 | D:2      | Reached XP level 4. HP: 25/25 MP: 1/13
  2022 | D:2      | Noticed Robin
  2036 | D:2      | Killed Robin
  2893 | D:3      | Found a faded altar of an unknown god.
  2937 | D:3      | Reached skill level 6 in Spellcasting
  3027 | D:3      | Reached XP level 5. HP: 20/29 MP: 11/15
  3936 | D:3      | Found a hide-covered altar of Uskayaw.
  4143 | D:4      | Reached skill level 1 in Evocations
  4242 | D:4      | HP: 1/29 [gnoll/+0 flail (11)]
  4276 | D:4      | Reached skill level 1 in Poison Magic
  4671 | D:4      | Reached skill level 1 in Air Magic
  4866 | D:4      | Reached XP level 6. HP: 34/34 MP: 10/17
  4990 | D:5      | Entered Level 5 of the Dungeon
  5035 | D:5      | Reached skill level 7 in Spellcasting
  5381 | D:5      | Reached XP level 7. HP: 40/40 MP: 15/20
  5593 | D:5      | Found a snail-covered altar of Cheibriados.
  6159 | D:6      | Reached skill level 8 in Spellcasting
  6499 | D:6      | Noticed a steam dragon
  6515 | D:6      | Killed a steam dragon
  6516 | D:6      | Reached XP level 8. HP: 38/44 MP: 14/22
  6542 | D:6      | Reached skill level 9 in Spellcasting
  7099 | D:6      | Found a staircase to the Ecumenical Temple.
  7108 | Temple   | Entered the Ecumenical Temple
  7117 | Temple   | Became a worshipper of Vehumet
  7787 | D:7      | Found a flagged portal.
  7798 | Bailey   | Entered a bailey
  7813 | Bailey   | Reached skill level 5 in Conjurations
  8176 | Bailey   | Reached skill level 10 in Spellcasting
  8451 | Bailey   | Reached XP level 9. HP: 49/49 MP: 18/25
  8575 | Bailey   | Reached skill level 5 in Summonings
  8587 | Bailey   | Reached skill level 11 in Spellcasting
  8647 | Bailey   | Reached * piety under Vehumet
  8647 | Bailey   | Offered knowledge of Shock by Vehumet.
  8938 | Bailey   | Reached skill level 12 in Spellcasting
  9593 | D:8      | Noticed Gastronok
  9735 | D:8      | Got the Directory of the Doomed Fifth Circle
  9740 | D:8      | Learned a level 3 spell: Stone Arrow
  9796 | D:8      | Reached XP level 10. HP: 56/56 MP: 21/28
  9800 | D:8      | Offered knowledge of Momentum Strike by Vehumet.
  9888 | D:8      | Reached skill level 1 in Earth Magic
  9935 | D:8      | Reached ** piety under Vehumet
  9991 | D:8      | Noticed Joseph
 10089 | D:8      | Killed Joseph
 10090 | D:8      | Reached skill level 13 in Spellcasting
 10476 | D:8      | Killed Gastronok
 10802 | D:8      | Found a staircase to the Lair.
 10903 | D:8      | Learned a level 8 spell: Ignition
 11064 | D:8      | Reached skill level 14 in Spellcasting
 11820 | D:9      | Reached XP level 11. HP: 34/61 MP: 22/31
 12174 | D:10     | Entered Level 10 of the Dungeon
 12313 | D:10     | Offered knowledge of Frozen Ramparts by Vehumet.
 12471 | D:10     | Identified the +8 great sword "Duonwamn" {freeze, Int+6}
 12566 | D:10     | Found a white marble altar of Elyvilon.
 12835 | D:10     | Noticed Grum
 12840 | D:10     | Reached skill level 15 in Spellcasting
 12843 | D:10     | Killed Grum
 12990 | D:10     | Learned a level 5 spell: Freezing Cloud
 13034 | D:10     | Reached skill level 5 in Armour
 13242 | D:11     | Reached skill level 1 in Ice Magic
 13369 | D:11     | Noticed a skeletal warrior
 13381 | D:11     | Killed a skeletal warrior
 13475 | D:11     | Noticed a skeletal warrior
 13482 | D:11     | Killed a skeletal warrior
 13483 | D:11     | Reached skill level 1 in Fire Magic
 13537 | D:11     | Noticed a skeletal warrior
 13562 | D:10     | HP: 1/61 [skeletal warrior/+0 hand axe (26)]
 13564 | D:10     | Killed a skeletal warrior
 14045 | D:11     | Reached *** piety under Vehumet
 14086 | D:11     | Noticed a brown ugly thing
 14092 | D:11     | Killed a brown ugly thing
 14184 | D:11     | Reached skill level 16 in Spellcasting
 14787 | D:11     | Learned a level 6 spell: Iron Shot
 14794 | D:12     | Noticed Lodul
 14800 | D:12     | Killed Lodul
 14801 | D:12     | Reached skill level 5 in Fighting
 14801 | D:12     | Reached XP level 12. HP: 25/68 MP: 34/34
 14822 | D:12     | Noticed a two-headed ogre
 14825 | D:12     | Killed a two-headed ogre
 14839 | D:12     | Offered knowledge of Airstrike by Vehumet.
 15396 | D:12     | Reached **** piety under Vehumet
 15412 | D:12     | Reached skill level 10 in Conjurations
 15429 | D:12     | Offered knowledge of Iskenderun's Mystic Blast by Vehumet.
 15534 | D:12     | Found a staircase to the Orcish Mines.
 15579 | D:12     | Learned a level 5 spell: Fireball
 15587 | D:12     | Learned a level 7 spell: Orb of Destruction
 15845 | D:12     | Noticed Nergalle
 15850 | D:12     | Killed Nergalle
 16051 | D:13     | Noticed a centaur warrior
 16055 | D:13     | Reached skill level 17 in Spellcasting
 16059 | D:13     | Shot with an arrow by a centaur warrior

Illustrated notes

Levels and vault maps discovered:
D:1:      erik_arrival_triangle_small, layout_basic, minmay_misc_feat_doors,
          chequers_serial_rivers_micro_a
D:2:      layout_loops_ring, basic_altar, chequers_serial_rivers_large_a,
          uniq_robin
D:3:      layout_basic, mainiacjoe_overflow_boulevard,
          chequers_ecumenical_altar_island, nicolae_hexahallways
D:4:      layout_loops_ring, serial_bayou_pond_d
D:5:      layout_cave_pods, mainiacjoe_overflow_concentric_impassable
D:6:      layout_layer_cave, minmay_temple_entry_slanted
D:7:      layout_basic, enter_bailey_2, kennysheep_nondescript,
          kennysheep_generic_room_13
D:8:      layout_rooms, david_lair_shrubbed, uniq_joseph, uniq_gastronok
D:9:      layout_rooms, glass_columns_a
D:10:     layout_irregular_city, elyvilon_altar_3, uniq_grum
D:11:     layout_basic, hangedman_tell_no_tales
D:12:     layout_loops_ring, hiddenorc2_lemuel, uniq_nergalle, uniq_lodul
D:13:     layout_loops_cross, skrybe_vaults_entry_preservation, serial_shops,
          shop, gauntlet_entry_generic, serial_undead, serial_undead_a,
          serial_undead_e, serial_undead_d, serial_undead_b, serial_undead_d
Temple:   compressed_dpeg_triangle_lava_temple

Skill      XL: |  1  2  3  4  5  6  7  8  9 10 11 12 |
---------------+-------------------------------------+-----
Spellcasting   | 5 6 7 8 10 12 14 16 17 | 17.0
Fighting       | 1 2 3 4 5 |  5.5
Armour         | 1 2 3 4 5 |  5.0
Conjurations   | 2 3 4 5 7 8 9 10 | 10.1
Stealth        | 3 |  3.0
Dodging        | 3 |  3.0
Evocations     | 1 |  1.0
Poison Magic   | 1 |  1.0
Air Magic      | 1 |  1.0
Summonings     | 2 3 4 6 7 8 |  8.2
Earth Magic    | 1 |  1.0
Ice Magic      | 1 |  1.0
Fire Magic     | 3 4 |  4.6
Translocations | |  1.1

Action                     |  1- 3 |  4- 6 |  7- 9 | 10-12 || total
---------------------------+-------+-------+-------+-------++-------
  Melee: Dagger            |     6 |    40 |   128 |    12 ||   186
         Punch             |       |       |     5 |     1 ||     6
         Great sword       |       |       |       |    14 ||    14
   Cast: Magic Dart        |   103 |   152 |   188 |    72 ||   515
         Call Imp          |       |     3 |     2 |     3 ||     8
         Mephitic Cloud    |       |     7 |    44 |    29 ||    80
         Stone Arrow       |       |       |     3 |   223 ||   226
         Blink             |       |       |       |     4 ||     4
         Freezing Cloud    |       |       |       |     8 ||     8
         Fireball          |       |       |       |     6 ||     6
  Evoke: Wand              |       |       |       |     2 ||     2
   Stab: Confused          |       |     4 |    13 |     3 ||    20
 Armour: Robe              |     5 |    13 |    24 |       ||    42
         Steam dragon scal |       |       |       |    30 ||    30
  Dodge: Dodged            |    14 |    34 |    98 |    69 ||   215
  Block: Other             |       |       |    20 |    25 ||    45
         Reflection        |       |       |       |     3 ||     3

Table legend: (Time is in decaauts)
 A = Elapsed time spent in this place.
 B = Non-inter-level travel time spent in this place.
 C = Inter-level travel time spent in this place.
 D = Time resting spent in this place.
 E = Time spent auto-exploring this place.
 F = Levels seen in this place.
 G = Mean time per level.
                   A        B        C        D        E       F      G
               +--------+--------+--------+--------+--------+-----+--------+
         Total |  16089 |  15678 |    411 |    971 |  12010 |  15 | 1072.6 |
       Dungeon |  14698 |  14295 |    403 |    967 |  11131 |  13 | 1130.6 |
        Temple |     18 |     10 |      8 |      0 |      0 |   1 |   18.0 |
        Bailey |   1373 |   1373 |      0 |      4 |    879 |   1 | 1373.0 |
               +--------+--------+--------+--------+--------+-----+--------+

Top non-repeatable levels by time:
     D:3: 1481 daAuts
     D:6: 1450 daAuts
     D:2: 1407 daAuts
     D:8: 1396 daAuts
  Bailey: 1373 daAuts
    D:11: 1348 daAuts
    D:10: 1273 daAuts
     D:1: 1239 daAuts
    D:12: 1175 daAuts
     D:5: 1121 daAuts
     D:9: 970 daAuts
     D:7: 870 daAuts
     D:4: 868 daAuts
    D:13: 95 daAuts
  Temple: 18 daAuts
